 Dungeon Sprint DCSS version 0.28.0-53-g5a82cb258f (webtiles) character file.

Game seed: 11041920197769717058

2753 Revguard the Blocker (level 10, -6/95 HPs)
             Began as a Human Fighter on Aug 2, 2022.
             Was a Priest of Zin.
             Mangled by an emperor scorpion (11 damage)
             ... summoned by a royal mummy
             ... in the Dungeon (Sprint V: "Ziggurat Sprint").
             The game lasted 00:04:58 (272 turns).

Revguard the Blocker (Human Fighter)                 Turns: 272, Time: 00:04:59

Health: -6/95      AC: 28    Str: 26    XL:     10   Next: 0%
Magic:  15/15      EV:  5    Int:  8    God:    Zin [***...]
Gold:   0          SH: 31    Dex: 20    Spells: 9/9 levels left

rFire   . . .      SeeInvis .   F - +7 Screaming Sword {vorpal, sonic wave}
rCold   . . .      Faith    .   E - +18 shield of the Gong {rElec rN+ Will+ EV-5}
rNeg    + . .      Spirit   .   D - +15 Maxwell's patent armour {-Cast -Tele rElec Will+ rCorr}
rPois   .          Reflect  .   (no helmet)
rElec   +          Harm     .   (no cloak)
rCorr   +          Rampage  .   (no gloves)
Will    ++...      NoTele   +   (no boots)
Stlth   .......... NoCast   +   a - amulet of Vitality {Regen+ HP+15}
HPRegen 1.05/turn               y - +6 ring of strength
MPRegen 0.14/turn               u - +6 ring of dexterity

@: lethally poisoned (-6 -> -11), on recite cooldown, slowed, very slow
A: no striking features
a: Renounce Religion, Recite, Vitalisation, Imprison, Donate Gold


You were in the Dungeon.
You worshipped Zin.
Zin was most pleased with you.
You visited 1 branch

Inventory:

Hand Weapons
 F - the +7 Screaming Sword (weapon) {vorpal, sonic wave}
   (You found it in the Dungeon)

   It inflicts extra damage upon your enemies.
   It radiates damaging sonic waves as it strikes, especially in combat
   involving dangerous or numerous foes.
Armour
 D - the +15 Maxwell's patent armour (worn) {-Cast -Tele rElec Will+ rCorr}
   (You found it in the Dungeon)

   rElec:     It insulates you from electricity.
   -Cast:     It prevents spellcasting.
   -Tele:     It prevents most forms of teleportation.
   rCorr:     It protects you from acid and corrosion.
   Will:      It increases your willpower.
 E - the +18 shield of the Gong (worn) {rElec rN+ Will+ EV-5}
   (You found it in the Dungeon)

   It is deafeningly noisy when blocking attacks.
   EV:        It affects your evasion (-5).
   rElec:     It insulates you from electricity.
   rN:        It protects you from negative energy.
   Will:      It increases your willpower.
Jewellery
 a - the amulet of Vitality (around neck) {Regen+ HP+15}
   (You found it in the Dungeon)

   [amulet of regeneration]

   HP:        It affects your health (+15).
   Regen:     It increases your rate of health regeneration.
 b - a ring of see invisible
 t - a ring of flight
 u - a +6 ring of dexterity (right hand)
 v - a +6 ring of dexterity
 y - a +6 ring of strength (left hand)
 z - a +6 ring of strength
Wands
 A - a wand of mindburst (7)
 B - a wand of iceblast (7)
 C - a wand of acid (7)
Scrolls
 j - 4 scrolls of blinking
 o - 4 scrolls of amnesia
 p - 7 scrolls of fog
 r - 5 scrolls of identify
 s - 2 scrolls of fear
Potions
 d - 6 potions of might
 e - 10 potions of curing
 f - 8 potions of heal wounds
 g - 10 potions of haste
 h - 7 potions of magic
 i - 3 potions of berserk rage
 k - 2 potions of brilliance
 l - 2 potions of invisibility
 m - 4 potions of resistance
Miscellaneous
 c - a tin of tremorstones (inert)


   Skills:
 + Level 8.1 Fighting
 * Level 10.7 Long Blades
 + Level 8.0 Armour
 + Level 7.3 Dodging
 * Level 10.9 Shields
 + Level 7.9 Invocations
 + Level 7.3 Evocations


You had 9 spell levels left.
You didn't know any spells.
Your spell library contained the following spells:

 Spells                   Type           Power      Damage    Failure   Level
 Magic Dart               Conj           0%         1d3       100%        1
 Searing Ray              Conj           0%         2d4       100%        2
 Fulminant Prism          Conj/Hex       0%         3d6       100%        4
 Olgreb's Toxic Radiance  Pois           0%         N/A       100%        4
 Fireball                 Conj/Fire      0%         3d3       100%        5
 Iskenderun's Battlesphe  Conj           0%         2d6       100%        5
 Conjure Ball Lightning   Conj/Air       0%         3x3d6     100%        6
 Orb of Destruction       Conj           0%         9d5       100%        7
 Ozocubu's Refrigeration  Ice            0%         4d5       100%        7
 Ignition                 Fire           0%         3d3       100%        8


Dungeon Overview and Level Annotations

Branches:
Dungeon (1/1)

Altars:
Ashenzari
Cheibriados
Dithmenos
Elyvilon
Fedhas
Gozag
Hepliaklqana
Kikubaaqudgha
Makhleb
Nemelex Xobeh
Okawaru
Qazlal
Ru
Sif Muna
Trog
Uskayaw
Vehumet
Wu Jian
Xom
Yredelemnul
Zin
The Shining One
Beogh
Jiyva
Lugonu

Annotations:
D 1 transporter


Message History

* * * LOW HITPOINT WARNING * * *
The emperor scorpion claws you.
* * * LOW HITPOINT WARNING * * *
The emperor scorpion claws you.
* * * LOW HITPOINT WARNING * * *
Unknown command.
* * * LOW HITPOINT WARNING * * *
You feel extremely sick.
The royal mummy is lost in a daze.
You block the emperor scorpion's attack.
GONNNNG!
You block the emperor scorpion's attack.
SHROANNG!
You block the emperor scorpion's attack.
GONNNNG!
You feel much better.
You feel very sick.
You block the emperor scorpion's attack.
GONNNNG!
You block the emperor scorpion's attack.
GONNNNG!
You block the emperor scorpion's attack.
PANG!
The emperor scorpion stings you but does no damage.
The emperor scorpion completely misses you.
You block the emperor scorpion's attack.
BONNNG!
The emperor scorpion stings you but does no damage.
The emperor scorpion claws you but does no damage. x2
The emperor scorpion stings you!
* * * LOW HITPOINT WARNING * * *
The emperor scorpion completely misses you.
The emperor scorpion claws you but does no damage.
You block the emperor scorpion's attack.
GONNNNG!
The emperor scorpion claws you but does no damage.
The emperor scorpion claws you.
* * * LOW HITPOINT WARNING * * *
The emperor scorpion stings you!
You die...

▓..8©8..▓
▓..=))..▓
▓..?[|..▓
▓.......▓
▓.......▓
▓.......▓
▓....M..▓
▓.▓.ss▓.▓
▓..ss@s.▓
▓▓▓▓▓▓▓▓▓


You could see a royal mummy (dazed) and 5 emperor scorpions.

Vanquished Creatures
  A death scarab (D)
  A large abomination (D)
  An apocalypse crab (D)
  2 guardian mummies (D)
  A jumping spider (D)
  A flying skull (D)
  A yak (D)
  A golden eye (D)
  A wolf (D)
  2 scorpions (D)
  A jelly (D)
  A quasit (D)
  2 iron imps (D)
  An iguana (D)
  A mummy (D)
  A river rat (D)
  A shadow imp (D)
  A white imp (D)
  A ball python skeleton (D)
  A quokka zombie (D)
23 creatures vanquished.

Notes
Turn   | Place    | Note
-------+----------+-------------------------------------------
     0 | D        | Revguard the Human Fighter began the quest for the Orb.
     0 | D        | Reached XP level 1. HP: 18/18 MP: 1/1
     0 | D        | Found a blossoming altar of Fedhas.
     0 | D        | Found the +6 Majin-Bo {vamp, MP+6 Int+6}
     0 | D        | Found the +9 heavy crossbow "Sniper" {vorpal, Acc+∞ SInv}
     0 | D        | Found the +10 dark maul {vorpal}
     0 | D        | Found the +15 Maxwell's patent armour {-Cast -Tele rElec
                  | Will+ rCorr}
     0 | D        | Found the +18 shield of the Gong {rElec rN+ Will+ EV-5}
     0 | D        | Found the +14 obsidian axe {vorpal, Mesm Drain Fly SInv}
     0 | D        | Found the +7 great mace "Firestarter" {inner flame, rF++}
     0 | D        | Found the +6 shillelagh "Devastator" {shatter}
     0 | D        | Found the +11 plutonium sword {Contam Stlth-}
     0 | D        | Found the +8 lance "Wyrmbane" {slay drac, rPois rF+ rC+
                  | AC+3}
     0 | D        | Found the +9 sword of Zonguldrok {reap}
     0 | D        | Found the +13 scythe of Curses {drain, Drain}
     0 | D        | Found the +5 sword of Power {vorpal}
     0 | D        | Found the +7 mace of Variability {chain chaos}
     0 | D        | Found the +7 Singing Sword {vorpal, sonic wave}
     0 | D        | Found the +8 storm bow {elec, penet}
     1 | D        | Found a shimmering blue altar of Sif Muna.
     1 | D        | Found a sacrificial altar of Ru.
     1 | D        | Found a bloodstained altar of Trog.
     1 | D        | Found a stormy altar of Qazlal.
     1 | D        | Found an iron altar of Okawaru.
     1 | D        | Found a sparkling altar of Nemelex Xobeh.
     3 | D        | Found a transporter.
     3 | D        | Found an ancient bone altar of Kikubaaqudgha.
     3 | D        | Found a viscous altar of Jiyva.
     3 | D        | Found a corrupted altar of Lugonu.
     3 | D        | Found a hazy altar of Hepliaklqana.
     3 | D        | Found a burning altar of Makhleb.
     3 | D        | Found an opulent altar of Gozag.
    71 | D        | Became a worshipper of Zin the Law-Giver
    86 | D        | Reached XP level 2. HP: 25/25 MP: 1/3
    94 | D        | Entered arena 2.
    94 | D        | Noticed a golden eye
    94 | D        | Found a transporter.
   102 | D        | Killed a golden eye
   103 | D        | Reached skill level 5 in Long Blades
   103 | D        | Reached XP level 3. HP: 30/31 MP: 2/5
   103 | D        | Reached XP level 4. HP: 37/38 MP: 2/6
   103 | D        | Reached XP level 5. HP: 42/43 MP: 2/7
   153 | D        | Entered arena 3.
   153 | D        | Noticed a jumping spider
   153 | D        | Found a transporter.
   156 | D        | Reached skill level 5 in Fighting
   156 | D        | Reached skill level 5 in Armour
   156 | D        | Reached XP level 6. HP: 51/51 MP: 9/9
   162 | D        | Killed a jumping spider
   163 | D        | Reached skill level 5 in Invocations
   163 | D        | Reached XP level 7. HP: 57/57 MP: 10/10
   170 | D        | Entered arena 4.
   170 | D        | Found the amulet of Vitality {Regen+ HP+15}
   170 | D        | Noticed a yak
   170 | D        | Found a transporter.
   173 | D        | Reached skill level 5 in Dodging
   173 | D        | Reached skill level 5 in Evocations
   173 | D        | Killed a yak
   174 | D        | Reached XP level 8. HP: 65/65 MP: 10/12
   204 | D        | Entered arena 5.
   204 | D        | Found a transporter.
   211 | D        | Reached * piety under Zin
   222 | D        | Entered arena 6.
   222 | D        | Found the +3 giant club "Skullcrusher" {speed, Str+7}
   222 | D        | Noticed an apocalypse crab
   222 | D        | Noticed a large abomination
   222 | D        | Found a transporter.
   230 | D        | Killed a large abomination
   233 | D        | Killed an apocalypse crab
   234 | D        | Reached XP level 9. HP: 58/72 MP: 12/14
   262 | D        | Entered arena 7.
   262 | D        | Noticed a guardian mummy
   262 | D        | Noticed a guardian mummy
   262 | D        | Noticed a death scarab
   262 | D        | Noticed a royal mummy
   263 | D        | Found a transporter.
   264 | D        | Noticed a death scarab
   264 | D        | Noticed a death scarab
   264 | D        | Noticed a death scarab
   266 | D        | Noticed an emperor scorpion
   266 | D        | Noticed an emperor scorpion
   266 | D        | Noticed a death scarab
   266 | D        | Noticed a death scarab
   266 | D        | Noticed a death scarab
   267 | D        | Reached ** piety under Zin
   267 | D        | Killed a death scarab
   267 | D        | Killed a guardian mummy
   268 | D        | Reached skill level 10 in Long Blades
   268 | D        | Reached skill level 10 in Shields
   268 | D        | Noticed an emperor scorpion
   268 | D        | Noticed an emperor scorpion
   268 | D        | Noticed an emperor scorpion
   268 | D        | Killed a guardian mummy
   268 | D        | Reached *** piety under Zin
   269 | D        | Reached XP level 10. HP: 47/80 MP: 15/15
   272 | D        | Mangled by an emperor scorpion

Illustrated notes

Levels and vault maps discovered:
D:        sprint_v [room_start, room_1, room_2, room_3, room_4, room_5, room_6,
          room_7, room_8, room_9, room_10, room_11, room_12, room_13, room_14,
          room_15, room_16, room_17, room_18, room_19, room_20, room_21,
          room_22, room_23, room_24, room_25, room_26, room_27]

Skill      XL: |  1  2  3  4  5  6  7  8  9 |
---------------+----------------------------+-----
Long Blades    | 3 5 6 7 8 9 10 | 10.7
Dodging        | 2 3 4 5 6 7 |  7.3
Shields        | 4 6 7 8 9 10 | 10.9
Invocations    | 2 3 4 5 6 7 |  7.9
Evocations     | 2 3 4 5 6 7 |  7.3
Fighting       | 4 5 6 7 8 |  8.1
Armour         | 4 5 6 7 8 |  8.0

Action                   |  1- 3 |  4- 6 |  7- 9 | 10-12 || total
-------------------------+-------+-------+-------+-------++-------
Melee: Double sword      |     4 |     3 |    17 |       ||    24
Invok: Recite            |       |       |     2 |       ||     2
Evoke: Tin of tremorston |       |       |     1 |     1 ||     2
  Use: Potion            |     1 |       |       |     2 ||     3
       Scroll            |       |       |     1 |       ||     1
Armor: Plate armour      |     4 |       |    31 |    25 ||    60
Dodge: Dodged            |     1 |       |    12 |     5 ||    18
Block: Kite shield       |     4 |     2 |    40 |    18 ||    64
